 Dungeon Crawl Stone Soup version 0.29-a0-271-gd4eb659eea (webtiles) character file.

Game seed: 8896351564849849712

28 kae the Sneak (level 2, 0/14 HPs)
             Began as a Spriggan Enchanter on Mar 8, 2022.
             Succumbed to an adder's poison
             ... on level 2 of the Dungeon.
             The game lasted 00:00:43 (1515 turns).

kae the Sneak (Spriggan Enchanter)                  Turns: 1515, Time: 00:00:44

Health: 0/14       AC:  2    Str:  4    XL:     2   Next: 96%
Magic:  6/6        EV: 17    Int: 16    God:
Gold:   31         SH:  0    Dex: 15    Spells: 4/6 levels left

rFire   . . .      SeeInvis +   a - +1 dagger
rCold   . . .      Faith    .   (no shield)
rNeg    . . .      Spirit   .   b - +0 robe
rPois   .          Reflect  .   (helmet restricted)
rElec   .          Harm     .   (no cloak)
rCorr   .          Rampage  .   (gloves unavailable)
Will    .....                   (boots unavailable)
Stlth   +++.......              (no amulet)
HPRegen 0.04/turn               (no ring)
MPRegen 0.10/turn               (no ring)

@: mighty, lethally poisoned (0 -> -2), very quick
A: very small, no large weapons, unfitting armour, see invisible, speed 3
a: no special abilities


You were on level 2 of the Dungeon.
You visited 1 branch of the dungeon, and saw 2 of its levels.

You collected 31 gold pieces.

Inventory:

Hand Weapons
 a - a +1 dagger (weapon)
Armour
 b - a +0 robe (worn)
Scrolls
 e - 2 scrolls of immolation {unknown}
 f - a scroll of identify {unknown}
 k - a scroll of blinking {unknown}
 l - a scroll of silence {unknown}
 m - a scroll of summoning {unknown}
Potions
 c - 2 potions of invisibility
 d - a potion of might
 g - a potion of heal wounds {unknown}
 h - a potion of resistance {unknown}
 i - a potion of ambrosia {unknown}
 j - 2 potions of curing {unknown}


   Skills:
 + Level 0.4 Fighting
 * Level 2.1 Short Blades
 + Level 3.0 Dodging
 + Level 4.6 Stealth
 + Level 2.9 Spellcasting
 + Level 3.8 Hexes


You had 4 spell levels left.
You knew the following spells:

 Your Spells              Type           Power      Damage    Failure   Level
a - Ensorcelled Hibernat  Hex/Ice        16%        N/A       13%         2

Your spell library contained the following spells:

 Spells                   Type           Power      Damage    Failure   Level
 Confusing Touch          Hex            14%        N/A       12%         3
 Tukima's Dance           Hex            14%        N/A       12%         3
 Dazzling Flash           Conj/Hex       16%        N/A       26%         3


Dungeon Overview and Level Annotations

Branches:
Dungeon (2/15)

Altars:

Shops:
D:1 (


Innate Abilities, Weirdness & Mutations

You are very small and have problems with some larger weapons.
You are too small for most types of armour.
You have supernaturally acute eyesight. (SInv)
You cover ground extremely quickly. (Speed+++)


Message History

The adder bites you.
You hit the adder.
The adder is lightly wounded.
The adder closely misses you.
You hit the adder but do no damage.
The adder is lightly wounded.
The adder bites you but does no damage.
You hit the adder but do no damage.
The adder is lightly wounded.
The adder barely misses you. The hobgoblin hits you.
The adder barely misses you.
There are monsters nearby!
You are too injured to fight recklessly!
You are too injured to fight recklessly!
You are too injured to fight recklessly!
You are too injured to fight recklessly!
You hit the adder.
The adder is heavily wounded.
The hobgoblin closely misses you. The hobgoblin misses you.
The adder completely misses you.
You hit the adder.
The adder is severely wounded.
The hobgoblin closely misses you. The hobgoblin misses you.
The adder bites you.
You are lethally poisoned!
The adder poisons you!
You feel sick. The adder completely misses you.
There is a stone staircase leading down here.
* * * LOW HITPOINT WARNING * * *
You feel sick.
* * * LOW HITPOINT WARNING * * *
You feel sick.
* * * LOW HITPOINT WARNING * * *
You feel sick.
Found a leather armour.
* * * LOW HITPOINT WARNING * * *
You feel sick.
It was a potion of might.
You feel very mighty all of a sudden.
You die...

## .. .# ####.#
##....# ..#..#
#.############....#
.......@..Sgg>....####
#[#########..<........
#.#####..... ...# ####
#####


You could see an adder and 2 hobgoblins.

Vanquished Creatures
  A dart slug (D:1)
  3 endoplasms (D:1)
  3 giant cockroaches (D:1)
  3 hobgoblins (D:1)
  2 quokkas (D:1)
  3 ball pythons (D:1)
  5 bats (D:1)
  A frilled lizard (D:1)
  A goblin (D:1)
22 creatures vanquished.

Vanquished Creatures (others)
  4 plants (D:1)
  2 withered plants (D:1)
6 creatures vanquished.

Grand Total: 28 creatures vanquished

Notes
Turn   | Place    | Note
-------+----------+-------------------------------------------
     0 | D:1      | kae the Spriggan Enchanter began the quest for the Orb.
     0 | D:1      | Reached XP level 1. HP: 9/9 MP: 5/5
   306 | D:1      | Reached XP level 2. HP: 4/13 MP: 6/6
   514 | D:1      | Learned a level 2 spell: Ensorcelled Hibernation
   834 | D:1      | Found Jeihij's Weapon Shoppe.
  1339 | D:1      | Found a faded altar of an unknown god.
  1515 | D:2      | Succumbed to an adder's poison

Illustrated notes

Levels and vault maps discovered:
D:1:      minmay_arrival_open_corners, layout_rooms,
          shapermc_ecumenical_altar_flowoftime, serial_shops,
          nicolae_shop_window_shopping, hangedman_decor_lopped, minivault_23
D:2:      layout_loops_ring, nicolae_elevator_lobby_asterisk, uniq_robin

Skill      XL: |  1  2 |
---------------+-------+-----
Short Blades   | 2 |  2.1
Dodging        | 3 |  3.0
Fighting       | |  0.4
Stealth        | |  4.6
Spellcasting   | |  2.9
Hexes          | |  3.8

Action                   || total
-------------------------++-------
Melee: Dagger            ||   115
       Punch             ||     3
  Use: Potion            ||     1
 Stab: Sleeping          ||     5
Armor: Robe              ||     8
Dodge: Dodged            ||    75

Table legend: (Time is in decaauts)
 A = Elapsed time spent in this place.
 B = Non-inter-level travel time spent in this place.
 C = Inter-level travel time spent in this place.
 D = Time resting spent in this place.
 E = Time spent auto-exploring this place.
 F = Levels seen in this place.
 G = Mean time per level.
                   A        B        C        D        E       F      G
               +--------+--------+--------+--------+--------+-----+--------+
         Total |   1288 |   1285 |      3 |    476 |    623 |   2 |  644.0 |
       Dungeon |   1288 |   1285 |      3 |    476 |    623 |   2 |  644.0 |
               +--------+--------+--------+--------+--------+-----+--------+

Top non-repeatable levels by time:
     D:1: 1277 daAuts
     D:2: 11 daAuts
